 Dungeon Sprint DCSS version 0.21-a0-274-gc1afaeb (webtiles) character file.

7469 potatolord6000 the Severer (level 11, -16/110 HPs)
             Began as a Hill Orc Monk on Sept 19, 2017.
             Was the Champion of Beogh.
             Demolished by Aizul (51 damage)
             ... in the Dungeon (Sprint VII: "The Pits").
             The game lasted 00:05:47 (1916 turns).

potatolord6000 the Severer (Hill Orc Monk)          Turns: 1916, Time: 00:05:49

Health: -16/110    AC: 15    Str: 18    XL:     11   Next: 15%
Magic:  1/24       EV: 16    Int: 13    God:    Beogh [******]
Gold:   0          SH:  0    Dex: 13    Spells: 28/28 levels left

rFire    . . .     SeeInvis .   v - +1 broad axe (freeze)
rCold    . . .     Gourm    .   (no shield)
rNeg     . . .     Faith    .   p - +3 ring mail
rPois    .         Spirit   .   (no helmet)
rElec    .         Reflect  .   q - +2 cloak {MR+}
rCorr    .         Harm     .   j - +0 pair of gloves
MR       +....     NoTele   +   (no boots)
Stlth    +.........             (no amulet)
HPRegen  0.28/turn              r - +3 ring of protection
MPRegen  0.19/turn              s - +3 ring of intelligence

@: lethally poisoned (-16 -> -24), sleeping, mesmerised, hasted
A: walk on water
a: Smiting, Recall Orcish Followers, Give Item to Named Follower, Resurrection,
Renounce Religion


You were in the Dungeon.
You worshipped Beogh.
Beogh was exalted by your worship.
You were not hungry.

You visited 1 branch

Inventory:

Hand Weapons
 v - a +1 broad axe of freezing (weapon)
Armour
 j - a +0 pair of gloves (worn)
 p - a +3 ring mail (worn)
 q - a +2 cloak of magic resistance (worn)
 x - a +4 scale mail
 y - a +4 chain mail
Jewellery
 r - a +3 ring of protection (left hand)
 s - a +3 ring of intelligence (right hand)
Wands
 b - a wand of random effects (25/48)
Scrolls
 i - a scroll of blinking
 k - 3 scrolls of remove curse
 l - 5 scrolls of amnesia
 m - a scroll of summoning
Potions
 a - 2 potions of invisibility
 d - 4 potions of curing
 e - 11 potions of heal wounds
 g - 3 potions of magic
 h - 3 potions of berserk rage
 t - a potion of agility
 u - a potion of might
Comestibles
 c - 8 bread rations
 n - 40 fruits
 o - 6 meat rations


   Skills:
 + Level 14.2 Fighting
 + Level 15.3 Axes
 + Level 10.5 Dodging
 - Level 1.5 Stealth
 + Level 9.3 Spellcasting
 + Level 14.9 Invocations


You had 28 spell levels left.
You didn't know any spells.

Dungeon Overview and Level Annotations

Branches:
Dungeon (1/1)

Altars:
Ashenzari
Cheibriados
Dithmenos
Elyvilon
Fedhas
Gozag
Hepliaklqana
Kikubaaqudgha
Makhleb
Nemelex Xobeh
Okawaru
Qazlal
Ru
Sif Muna
Trog
Uskayaw
Vehumet
Wu Jian
Xom
Yredelemnul
Zin
The Shining One
Beogh
Jiyva
Lugonu

Annotations:
D Aizul


Message History

Things that are here:
a great mace; a chain mail Unknown command.
You barely miss the anaconda.
The anaconda is severely wounded.
You feel sick. The anaconda closely misses you.
The anaconda constricts your orc warrior.
Warbeogh hits Aizul with a +1 mace.
Your orc barely misses the orc warrior.
You slice the anaconda!!
The anaconda seems to slow down.
You freeze the anaconda.
You kill the anaconda!
Beogh accepts your kill.
Warbeogh looks more experienced.
Your orc looks more experienced.
You slash Aizul! You freeze Aizul.
You feel sick. Aizul casts a spell at you.
You fall asleep.
The merfolk siren chants its luring song.
The orc warrior barely misses you.
You feel sick. Aizul hits you!!!
You die...

..+ ..# ..# ###
#########
##########
.+..†...###........
.+..'.....##......
##..##.(...##....#
#....###..÷.#ooo@#
.......###.###.S##
.#..#...#....#o.#
........+....))m+
.#..#...#..†.#†.#
.......###.###..#
#....###...)#....#
##..##.....##....#
.+..+.....##......


You could see Aizul, a merfolk siren, an orc warrior, the friendly Warbeogh the
orc knight, a friendly orc warrior and a friendly orc.

Vanquished Creatures
  Harold (D)
  An anaconda (D)
  A sea snake (D)
  A swamp dragon (D)
  An orc knight (D)
  An unseen horror (D)
  An orc sorcerer (D)
  A cyclops (D)
  An elephant (D)
  2 black mambas (D)
  A demonic crawler (D)
  2 red devils (D)
  An ice devil (D)
  A wyvern (D)
  A steam dragon (D)
  A vampire mosquito (D)
  A porcupine (D)
  An ogre (D)
  A necrophage (D)
  4 wolves (D)
  A crocodile (D)
  A big kobold (D)
  A scorpion (D)
  A gnoll shaman (D)
  Crazy Yiuf (D)
  Jessica (D)
  5 gnolls (D)
  A white imp (D)
  An ooze (D)
  An adder zombie (D)
  A worm (D)
  A leopard gecko (D)
  A bat skeleton (D)
  A bat zombie (D)
  A goblin (D)
  6 jackals (D)
  A quokka (D)
  A ball python (D)
  2 kobolds (D)
  A leopard gecko zombie (D)
  A rat (D)
56 creatures vanquished.

Vanquished Creatures (collateral kills)
  A gargoyle (D)
  A vampire mosquito (D)
  A wolf (D)
  A crocodile (D)
  A quasit (D)
  An orc (D)
6 creatures vanquished.

Vanquished Creatures (others)
  An orc priest (D)
  2 orc warriors (D)
  An orc wizard (D)
  A sky beast (D)
  An orc (D)
6 creatures vanquished.

Grand Total: 68 creatures vanquished

Notes
Turn   | Place    | Note
-------+----------+-------------------------------------------
     0 | D        | potatolord6000 the Hill Orc Monk began the quest for the Orb.
     0 | D        | Reached XP level 1. HP: 19/19 MP: 1/1
    20 | D        | Found a bloodstained altar of Trog.
    20 | D        | Found a deep blue altar of Sif Muna.
    20 | D        | Found a viscous altar of Jiyva.
    20 | D        | Found a hazy altar of Hepliaklqana.
    20 | D        | Found an opulent altar of Gozag.
    49 | D        | Found a glowing golden altar of the Shining One.
    49 | D        | Found a glowing silver altar of Zin.
    49 | D        | Found a basalt altar of Yredelemnul.
    49 | D        | Found a shimmering altar of Xom.
    49 | D        | Found an ornate altar of the Wu Jian Council.
    49 | D        | Found a sacrificial altar of Ru.
    49 | D        | Found a stormy altar of Qazlal.
    49 | D        | Found an iron altar of Okawaru.
    49 | D        | Found a sparkling altar of Nemelex Xobeh.
    49 | D        | Found a burning altar of Makhleb.
    49 | D        | Found a blossoming altar of Fedhas.
    49 | D        | Found a white marble altar of Elyvilon.
    49 | D        | Found a shadowy altar of Dithmenos.
    49 | D        | Found a snail-covered altar of Cheibriados.
    51 | D        | Found a radiant altar of Vehumet.
    51 | D        | Found a corrupted altar of Lugonu.
    51 | D        | Found a roughly hewn altar of Beogh.
    53 | D        | Found an ancient bone altar of Kikubaaqudgha.
    53 | D        | Found a hide-covered altar of Uskayaw.
    53 | D        | Found a shattered altar of Ashenzari.
    61 | D        | Became a worshipper of Beogh the Brigand
    61 | D        | Reached * piety under Beogh
    61 | D        | Reached ** piety under Beogh
    89 | D        | Reached skill level 1 in Invocations
    89 | D        | Reached *** piety under Beogh
    89 | D        | Reached XP level 2. HP: 7/27 MP: 1/3
   329 | D        | Reached skill level 1 in Spellcasting
   572 | D        | Reached **** piety under Beogh
   573 | D        | Reached skill level 5 in Axes
   651 | D        | Noticed Jessica
   653 | D        | Noticed Crazy Yiuf
   655 | D        | Noticed a sky beast
   663 | D        | Reached ***** piety under Beogh
   663 | D        | Reached XP level 3. HP: 33/34 MP: 5/5
   672 | D        | Killed Jessica
   672 | D        | Reached skill level 5 in Fighting
   675 | D        | Killed a sky beast
   675 | D        | Reached skill level 6 in Axes
   675 | D        | Reached skill level 5 in Invocations
   675 | D        | Reached XP level 4. HP: 42/44 MP: 5/7
   688 | D        | Killed Crazy Yiuf
   688 | D        | Reached skill level 7 in Axes
   688 | D        | Reached XP level 5. HP: 18/51 MP: 6/9
   958 | D        | Killed an unseen horror
   958 | D        | Reached skill level 10 in Axes
   958 | D        | Reached skill level 5 in Spellcasting
   958 | D        | Reached XP level 6. HP: 52/63 MP: 3/13
   958 | D        | Reached XP level 7. HP: 58/70 MP: 3/14
   958 | D        | Gained Alork as an ally
  1078 | D        | Noticed a red devil
  1081 | D        | Killed a red devil
  1081 | D        | Reached XP level 8. HP: 58/79 MP: 11/16
  1087 | D        | Reached skill level 10 in Invocations
  1087 | D        | Reached skill level 10 in Fighting
  1091 | D        | Reached ****** piety under Beogh
  1092 | D        | Reached skill level 11 in Axes
  1380 | D        | Noticed a black mamba
  1383 | D        | Killed a black mamba
  1452 | D        | Noticed an ice devil
  1453 | D        | Noticed a demonic crawler
  1455 | D        | Noticed a wyvern
  1455 | D        | Killed an ice devil
  1455 | D        | Reached XP level 9. HP: 89/89 MP: 14/18
  1459 | D        | Killed a demonic crawler
  1459 | D        | Reached skill level 12 in Axes
  1469 | D        | Noticed a gargoyle
  1479 | D        | Killed a gargoyle
  1588 | D        | Reached skill level 13 in Axes
  1589 | D        | Noticed a red devil
  1593 | D        | Killed a red devil
  1680 | D        | Noticed a cyclops
  1682 | D        | Killed a cyclops
  1682 | D        | Reached XP level 10. HP: 94/99 MP: 17/21
  1683 | D        | Noticed a black mamba
  1684 | D        | Killed a black mamba
  1725 | D        | Noticed an elephant
  1727 | D        | Killed an elephant
  1727 | D        | Reached skill level 14 in Axes
  1858 | D        | Noticed a swamp dragon
  1862 | D        | Killed a swamp dragon
  1892 | D        | Noticed an orc sorcerer
  1893 | D        | Noticed Harold
  1894 | D        | Noticed a sea snake
  1895 | D        | Killed Harold
  1895 | D        | Reached skill level 10 in Dodging
  1898 | D        | Killed a sea snake
  1902 | D        | Noticed a sixfirhy
  1903 | D        | Noticed an orc knight
  1903 | D        | Noticed an anaconda
  1903 | D        | Noticed Aizul
  1903 | D        | Noticed a merfolk siren
  1903 | D        | Your ally Alork died
  1904 | D        | Killed an orc sorcerer
  1904 | D        | Reached skill level 15 in Axes
  1904 | D        | Reached XP level 11. HP: 83/108 MP: 5/24
  1906 | D        | Gained Warbeogh as an ally
  1912 | D        | Killed an orc knight
  1915 | D        | Killed an anaconda
  1916 | D        | Demolished by Aizul

Vault maps used:
D:        pitsprint

Skill      XL: |  1  2  3  4  5  6  7  8  9 10 11 |
---------------+----------------------------------+-----
Fighting       | 4 6 9 11 12 13 14 | 14.2
Invocations    | 1 3 5 9 11 12 14 | 14.9
Dodging        | 3 4 6 7 9 10 | 10.5
Spellcasting   | 1 2 3 5 6 7 9 |  9.3
Axes           | 5 6 7 10 11 13 15 | 15.3
Stealth        | |  1.5

Action                   |  1- 3 |  4- 6 |  7- 9 | 10-12 || total
-------------------------+-------+-------+-------+-------++-------
Melee: Hand axe          |    38 |    19 |    32 |       ||    89
       Broad axe         |       |       |    27 |    10 ||    37
Invok: Smiting           |       |     2 |    15 |    20 ||    37
       Give Item to Name |       |       |     1 |       ||     1
       Resurrection      |       |       |     1 |       ||     1
  Use: Potion            |     2 |       |       |     7 ||     9
 Stab: Sleeping          |     1 |       |       |       ||     1
       Invisible         |       |     1 |       |       ||     1
  Eat: Meat ration       |       |     1 |       |       ||     1
Armor: Robe              |     9 |       |       |       ||     9
       Ring mail         |    10 |     4 |    24 |     7 ||    45
Dodge: Dodged            |    50 |     6 |    40 |    26 ||   122

Table legend:
 A = Spawn XP
 B = Non-spawn XP
 C = Spawn XP percentage of total XP
 D = Spawn monster count
 E = Non-spawn monster count
 F = Spawn count percentage of total count
 G = Total turns spent on level
                    A         B        C        D         E        F      G
               +---------+---------+-------+---------+---------+-------+---------
         Total |       0 |   10670 |   0.0 |       0 |      63 |   0.0 |  1916
               +---------+---------+-------+---------+---------+-------+---------
             D |       0 |   10670 |   0.0 |       0 |      63 |   0.0 |  1916
               +---------+---------+-------+---------+---------+-------+---------
